 Dungeon Crawl Stone Soup version 0.30.0-29-ga12c61a403 (webtiles) character file.

Game seed: 12316696941647460245

80054 Peloso the Tortoise (level 15, -5/139 (141) HPs)
             Began as a Minotaur Fighter on June 18, 2023.
             Was a High Priest of Okawaru.
             Slain by a cane toad (50 damage)
             ... on level 3 of the Lair of Beasts.
             The game lasted 00:50:40 (28190 turns).

Peloso the Tortoise (Minotaur Fighter)             Turns: 28190, Time: 00:50:40

HP:   -5/139 (141)  AC: 28    Str: 32    XL:     15   Next: 22%
MP:   6/6           EV:  2    Int:  8    God:    Okawaru [*****.]
Gold: 643           SH:  0    Dex: 16    Spells: 14/14 levels left

rFire   + . .        a - +10 falchion "Bafaus" {flame, Dex+2}
rCold   + . .        d - +0 kite shield
rNeg    . . .        N - +1 gold dragon scales
rPois   +            Q - +0 hat "Ewnin" {Will++ rCorr MP-9 Dex+2}
rElec   .            C - +0 cloak
rCorr   +            (no gloves)
SInv    .            B - +2 pair of boots "Xentem" {Int+3}
Will    +++..        (no amulet) Stlth
                     u - ring of flight
HPRegen 0.43/turn    T - +6 ring of strength
MPRegen 0.10/turn

%: no passive effects
@: about to teleport, sleeping, flying, lightly drained
A: horns 2, retaliatory headbutt
a: Renounce Religion, Heroism, Finesse, Duel


You were on level 3 of the Lair of Beasts.
You worshipped Okawaru.
Okawaru was extremely pleased with you.
You visited 4 branches of the dungeon, and saw 20 of its levels.

You collected 1755 gold pieces.
You spent 1112 gold pieces at shops.

Inventory:

Hand Weapons
 a - the +10 falchion "Bafaus" (weapon) {flame, Dex+2}
   (You bought it in a shop on level 6 of the Dungeon)

   Dex:       It affects your dexterity (+2).
 b - a +1 double sword
 c - a +4 scimitar of flaming
Armour
 d - a +0 kite shield (worn)
 B - the +2 pair of boots "Xentem" (worn) {Int+3}
   (You found it on level 4 of the Lair of Beasts)

   Int:       It affects your intelligence (+3).
 C - a +0 cloak (worn)
 N - +1 gold dragon scales (worn)
 P - the +0 plate armour "Fajomogg" {Fly rC- rN+++ Int-4}
   (Okawaru gifted it to you on level 13 of the Dungeon)

   Int:       It affects your intelligence (-4).
   rC:        It makes you vulnerable to cold.
   rN:        It renders you almost immune to negative energy.
   Fly:       It grants you flight.
 Q - the +0 hat "Ewnin" (worn) {Will++ rCorr MP-9 Dex+2}
   (Okawaru gifted it to you on level 1 of the Lair of Beasts)

   Dex:       It affects your dexterity (+2).
   MP:        It affects your magic capacity (-9).
   rCorr:     It protects you from acid and corrosion.
   Will:      It greatly increases your willpower.
Jewellery
 i - a ring of resist corrosion
 l - a ring of protection from fire
 u - a ring of flight (left hand)
 T - a +6 ring of strength (right hand)
Wands
 o - a wand of quicksilver (3)
Scrolls
 e - 5 scrolls of magic mapping
 f - 6 scrolls of poison
 h - 2 scrolls of fear
 k - 6 scrolls of teleportation
 m - a scroll of brand weapon {unknown}
 v - 4 scrolls of immolation
 w - 3 scrolls of blinking
 H - a scroll of acquirement {unknown}
 U - a scroll of silence {unknown}
Potions
 g - 2 potions of resistance
 j - 6 potions of might
 n - 3 potions of flight
 s - a potion of berserk rage
 t - 7 potions of haste
 J - a potion of curing
 M - 3 potions of mutation {unknown}
 S - 4 potions of heal wounds
 V - a potion of invisibility {unknown}


   Skills:
 + Level 15.4 Fighting
 + Level 16.8 Long Blades
 + Level 18.4 Armour
 + Level 5.6 Dodging
 + Level 1.8 Stealth
 + Level 13.7 Shields
 + Level 2.3 Invocations
 + Level 1.4 Evocations


You had 14 spell levels left.
You didn't know any spells.
Your spell library contained the following spells:

 Spells                   Type           Power      Damage    Failure   Level
 Apportation              Tloc           0%         N/A       99%         1
 Necrotise                Necr           0%         1d4       99%         1
 Ozocubu's Armour         Ice            0%         N/A       100%        3
 Portal Projectile        Hex/Tloc       0%         N/A       100%        3
 Volatile Blastmotes      Fire/Tloc      0%         2d10      100%        3
 Anguish                  Hex/Necr       0%         N/A       100%        4
 Cause Fear               Hex            0%         N/A       100%        4
 Fulminant Prism          Conj/Hex       0%         3d5       100%        4
 Iskenderun's Mystic Bla  Conj/Tloc      0%         2d3       100%        4
 Leda's Liquefaction      Hex/Erth       0%         N/A       100%        4
 Passage of Golubria      Tloc           0%         N/A       100%        4
 Borgnjor's Vile Clutch   Necr/Erth      0%         N/A       100%        5
 Lee's Rapid Deconstruct  Erth           0%         3d4*      100%        5
 Metabolic Englaciation   Hex/Ice        0%         N/A       100%        5
 Yara's Violent Unravell  Hex/Tmut       0%         3d3       100%        5
 Enfeeble                 Hex            0%         N/A       100%        7
 Ozocubu's Refrigeration  Ice            0%         4d7       100%        7
 Summon Small Mammal      Summ           Unusable   N/A       N/A         1
 Call Canine Familiar     Summ           Unusable   N/A       N/A         3
 Tukima's Dance           Hex            Unusable   N/A       N/A         3
 Animate Dead             Necr           Unusable   N/A       N/A         4
 Death Channel            Necr           Unusable   N/A       N/A         6
 Simulacrum               Ice/Necr       Unusable   N/A       N/A         6

Dungeon Overview and Level Annotations

Branches:
Dungeon (13/15)            Temple (1/1) D:4            Lair (5/5) D:11
  Swamp (0/4) Lair:3        Snake (0/4) Lair:3        Slime (0/5) Lair:4
    Orc (1/2) D:10
 Vaults: D:13-14

Altars:
Hepliaklqana
Okawaru
Sif Muna
Jiyva

Shops:
D:6 **((   D:7 *

Annotations:
Lair:3 1 transporter, Voland's ghost, journeyman TeAE
Lair:5 Casa


Innate Abilities, Weirdness & Mutations

You have a pair of horns on your head.
You reflexively headbutt those who attack you in melee.


Message History

The dream sheep bleats!
The moth of wrath's fur bristles in rage as it notices you.
The cane toad croaks.
Voland's ghost says, "Death is but another step down the path of knowledge."
There is a transporter here.
You enter the transporter and appear at another place.
The dream sheep shake their wool and sparkle.
You feel drowsy...
You fall asleep.
The moth of wrath goads the cane toad on!
The cane toad goes berserk!
The cane toad stings you!!!!
You wake up.
Ouch! That really hurt!
The cane toad stings you!
You are poisoned.
The cane toad poisons you!
The moth of wrath bites you but does no damage.
Unknown command.
Unknown command.
As you read the scroll of fear, it crumbles to dust.
You assume a fearsome visage.
Voland's ghost is unaffected.
The dream sheep looks frightened!
The dream sheep is struck with panic!
The moth of wrath looks frightened!
The cane toad is unaffected.
You feel very sick. You block the cane toad's attack.
Voland's ghost gestures wildly while chanting.
Voland's ghost puts on a burst of speed!
The cane toad closely misses you.
As you read the scroll of teleportation, it crumbles to dust.
You feel strangely unstable.
You feel very sick.
The cane toad stings you but does no damage.
Voland's ghost mumbles some strange words.
Voland's ghost blinks!
The cane toad stings you but does no damage.
You feel better. You block the cane toad's attack.
The dream sheep shake their wool and sparkle.
You feel drowsy...
You fall asleep.
The cane toad stings you!!!
You die...

#..[..###...............)~
##.##.##.#####...........~~
####..#..#...©Y.##.........~~≈
#.##.P#.##..#.W..##.......~≈≈≈
##.#<...#?#y..#.Y.#.......~≈≈≈
#..#.#.# .#.##..##.......~≈~.
#####..##$#.Y.#.#©......~~≈~.
####..#|#.....##......~~≈≈~
##....©#?"F@# #.......~≈≈≈
##.P....#).#...#.#.......~~~≈
#P...#.##.....#.##....###..~~
##...#.#..#.#...#..##...##..~
##....#..#.#...#.P...#######
##....##.......#.....P# #
#......###...###.....##
###......#####....##.#
##............#P###.##


You could see a moth of wrath (fleeing), a cane toad (berserk) and 2 dream
sheep.

Vanquished Creatures
  An ettin (Orc:1)
  The ghost of Weugil the Slicer, a journeyman HaBe of Trog (Lair:2)
  Josephine (D:10)
  5 hydras
  The ghost of Duaji the Blocker, a journeyman GrFi of Okawaru (Lair:2)
  The ghost of Imeid the Eclecticist, a journeyman DEEE of Vehumet (Lair:2)
  2 catoblepae
  3 boulder beetles
  8 centaur warriors (D:13)
  2 two-headed ogres
  4 death yaks
  Urug (Lair:2)
  3 tengu warriors (D:13)
  Sonja (Orc:1)
  A fire crab (Lair:3)
  7 skysharks
  Nergalle (Lair:2)
  A wizard (D:13)
  2 lindwurms (Lair:5)
  An orc knight (D:10)
  5 ugly things (D:13)
  2 orc sorcerers
  7 manticores
  6 cyclopes
  Maurice (D:10)
  3 black mambas
  17 elephants
  2 gargoyles (D:12)
  A torpor snail (Lair:5)
  An unseen horror (D:13)
  15 cane toads
  6 rime drakes
  An efreet (D:13)
  7 komodo dragons
  A yaktaur (D:13)
  A tengu conjurer (D:13)
  7 trolls
  The ghost of Zippel the Sneak, a novice KoAE of Uskayaw (D:5)
  A queen bee (shapeshifter) (D:13)
  The ghost of Azuvok the Chopper, an amateur FoFi (D:5)
  A hornet (D:10)
  A queen bee (D:9)
  2 polar bears
  26 blink frogs
  3 dream sheep (Lair:5)
  A slime creature (D:13)
  4 shadows
  The ghost of lasso the Firebug, an amateur DEFE (D:5)
  4 wraiths
  A vampire (D:13)
  7 wyverns
  62 yaks
  4 vampire mosquitoes
  A basilisk (Lair:5)
  Grum (D:10)
  3 steam dragons (D:8)
  A naga (Lair:3)
  4 water moccasins
  2 acid dragons
  12 orc warriors
  The ghost of topfpfpflanze the Gusty, an amateur FeAE (D:5)
  2 black bears
  An ice beast (D:5)
  11 wolves
  9 centaurs
  3 ogres
  3 kobold brigands
  A scorpion (D:5)
  6 bullfrogs
  3 gnoll sergeants
  12 wights
  26 killer bees
  3 electric eels
  4 howler monkeys
  2 jellies
  3 gnoll boudas (D:5)
  8 hounds
  16 orc priests
  A sleepcap (D:6)
  Jessica (D:2)
  2 iguanas (D:6)
  22 orc wizards
  42 gnolls
  5 adders
  2 shadow imps (D:5)
  A white imp (D:8)
  2 ufetubi (D:6)
  3 worms (D:2)
  3 dart slugs
  82 orcs
  4 bats
  6 endoplasms
  2 giant cockroaches
  8 goblins
  10 hobgoblins
  15 jackals
  13 kobolds
  2 quokkas
  8 ball pythons
  3 frilled lizards
  6 rats
631 creatures vanquished.

Notes
Turn   | Place    | Note
-------+----------+-------------------------------------------
     0 | D:1      | Peloso the Minotaur Fighter began the quest for the Orb.
     0 | D:1      | Reached XP level 1. HP: 19/19 MP: 0/0
    95 | D:1      | Reached XP level 2. HP: 20/27 MP: 1/1
   134 | D:1      | Reached skill level 4 in Armour
   318 | D:1      | Reached XP level 3. HP: 30/33 MP: 2/2
  1064 | D:2      | Noticed Jessica
  1071 | D:2      | Killed Jessica
  1072 | D:2      | Reached XP level 4. HP: 36/41 MP: 3/3
  1092 | D:2      | Got Jessica's Quarto of Points
  2477 | D:4      | Found a staircase to the Ecumenical Temple.
  2495 | Temple   | Entered the Ecumenical Temple
  2506 | Temple   | Became a worshipper of Warmaster Okawaru
  2530 | Temple   | Reached XP level 5. HP: 21/47 MP: 4/4
  3074 | D:5      | Entered Level 5 of the Dungeon
  3126 | D:5      | Reached skill level 5 in Armour
  3224 | D:5      | Reached XP level 6. HP: 7/53 MP: 5/5
  3497 | D:5      | Reached skill level 5 in Long Blades
  3652 | D:5      | Reached * piety under Okawaru
  3653 | D:5      | Reached skill level 5 in Shields
  3838 | D:5      | Reached skill level 6 in Armour
  3838 | D:5      | Reached skill level 1 in Dodging
  3838 | D:5      | Reached XP level 7. HP: 56/60 MP: 6/6
  3908 | D:5      | Found a runed translucent gate.
  3909 | D:5      | Found a runed translucent gate.
  3918 | D:5      | Found a runed translucent gate.
  3919 | D:5      | Noticed lasso's ghost (amateur DEFE)
  3919 | D:5      | Noticed Azuvok's ghost (amateur FoFi)
  3920 | D:5      | Noticed Zippel's ghost (novice KoAE)
  3920 | D:5      | Noticed topfpfpflanze's ghost (amateur FeAE)
  4170 | D:5      | Reached skill level 5 in Fighting
  4314 | D:5      | Reached skill level 7 in Armour
  4372 | D:5      | Reached ** piety under Okawaru
  4519 | D:5      | Reached XP level 8. HP: 23/68 MP: 4/7
  5290 | D:6      | Reached skill level 1 in Stealth
  5353 | D:6      | Found Jecioschy's General Store.
  5456 | D:6      | Bought a scroll of identify for 28 gold pieces
  5471 | D:6      | Found Wucuph's Weapon Emporium.
  5738 | D:6      | Found Epraxkukkad's Antique Weapon Emporium.
  5766 | D:6      | Reached skill level 8 in Armour
  5782 | D:6      | Bought a polished falchion for 184 gold pieces
  5782 | D:6      | Identified the +10 falchion "Bafaus" {flame, Dex+2} (You
                  | bought it in a shop on level 6 of the Dungeon)
  5936 | D:6      | Found Wuyggav's General Store.
  6054 | D:7      | Found Gocalyzeqock's Lightly-Used Armoury.
  6078 | D:7      | Reached *** piety under Okawaru
  6082 | D:7      | Reached XP level 9. HP: 34/78 MP: 8/8
  6393 | D:7      | Reached skill level 9 in Armour
  7446 | D:8      | Reached **** piety under Okawaru
  7447 | D:8      | Reached skill level 10 in Long Blades
  7447 | D:8      | Reached skill level 10 in Armour
  8030 | D:8      | Reached XP level 10. HP: 82/86 MP: 9/9
  8153 | D:9      | Found a hazy altar of Hepliaklqana.
  8171 | D:9      | Received a gift from Okawaru
  8306 | D:9      | Reached skill level 11 in Armour
  8650 | D:9      | Reached ***** piety under Okawaru
  9187 | D:9      | Noticed a two-headed ogre
  9213 | D:9      | Killed a two-headed ogre
  9624 | D:9      | Reached XP level 11. HP: 82/95 MP: 10/10
  9920 | D:10     | Entered Level 10 of the Dungeon
  9935 | D:10     | Noticed Maurice
  9950 | D:10     | Killed Maurice
  9950 | D:10     | Received a gift from Okawaru
  9969 | D:10     | Reached skill level 12 in Armour
 10103 | D:10     | Noticed Grum
 10122 | D:10     | Killed Grum
 10479 | D:10     | Found a staircase to the Orcish Mines.
 10480 | D:10     | Noticed Josephine
 10499 | D:10     | Killed Josephine
 10513 | D:10     | Identified the -2 pair of gloves of the New World {rPois
                  | Dex+6} (Okawaru gifted it to you on level 10 of the
                  | Dungeon)
 10513 | D:10     | Received a gift from Okawaru
 10731 | D:10     | Reached skill level 10 in Fighting
 11163 | Orc:1    | Entered Level 1 of the Orcish Mines
 11199 | Orc:1    | Noticed an orc sorcerer
 11211 | Orc:1    | Killed an orc sorcerer
 11761 | Orc:1    | Noticed an orc knight
 11762 | Orc:1    | Noticed an orc sorcerer
 11775 | Orc:1    | Paralysed by an orc sorcerer for 5 turns
 11779 | Orc:1    | Noticed a soul eater
 11798 | D:10     | Killed an orc knight
 11968 | Orc:1    | Noticed a sun demon
 11988 | D:10     | Killed an orc sorcerer
 12122 | Orc:1    | Noticed Sonja
 12685 | D:11     | HP: 5/101 [yak (4)]
 12914 | D:10     | Reached XP level 12. HP: 97/110 MP: 11/11
 12940 | D:11     | Reached skill level 13 in Armour
 13187 | D:11     | Found a staircase to the Lair.
 13198 | D:11     | You are sucked into a shaft and drop 2 floors!
 13792 | Lair:1   | Entered Level 1 of the Lair of Beasts
 13796 | Lair:1   | Identified the +0 hat "Ewnin" {Will++ rCorr MP-9 Dex+2}
                  | (Okawaru gifted it to you on level 1 of the Lair of Beasts)
 13796 | Lair:1   | Received a gift from Okawaru
 14098 | Lair:1   | Reached skill level 10 in Shields
 14683 | Lair:1   | Reached skill level 1 in Evocations
 15128 | Lair:1   | Reached skill level 14 in Armour
 15338 | Lair:2   | Noticed a catoblepas
 15574 | Lair:1   | Killed a catoblepas
 15987 | Lair:2   | Identified the +1 triple sword "Gram" {flame, Stlth+}
                  | (Okawaru gifted it to you on level 2 of the Lair of Beasts)
 15987 | Lair:2   | Received a gift from Okawaru
 16166 | Lair:2   | Reached skill level 5 in Dodging
 16200 | Lair:2   | Reached XP level 13. HP: 114/119 MP: 3/12
 16378 | Lair:2   | Noticed Nergalle
 16401 | Lair:2   | Killed Nergalle
 16438 | Lair:2   | Reached skill level 15 in Armour
 16495 | Lair:2   | Noticed Urug
 16505 | Lair:2   | Killed Urug
 16995 | Lair:2   | Found a runed translucent gate.
 16995 | Lair:2   | Found a runed translucent gate.
 16995 | Lair:2   | Found a runed translucent gate.
 17016 | Lair:2   | Noticed Imeid's ghost (journeyman DEEE)
 17016 | Lair:2   | Noticed Duaji's ghost (journeyman GrFi)
 17016 | Lair:2   | Noticed Weugil's ghost (journeyman HaBe)
 17438 | Lair:3   | Found a staircase to the Snake Pit.
 17542 | Lair:3   | Found a staircase to the Swamp.
 18033 | Lair:3   | Received a gift from Okawaru
 18034 | Lair:3   | Reached skill level 1 in Invocations
 18224 | Lair:3   | Noticed Voland's ghost (journeyman TeAE)
 18234 | Lair:3   | Found a transporter.
 18282 | Lair:3   | Reached skill level 15 in Long Blades
 18294 | Lair:3   | Found a transporter.
 19894 | D:7      | Bought -2 gold dragon scales for 840 gold pieces
 20003 | Orc:1    | Killed Sonja
 20262 | Orc:1    | Noticed an ettin
 20503 | Orc:1    | Killed an ettin
 20864 | D:7      | Bought a -2 double sword for 60 gold pieces
 21467 | Lair:3   | Reached skill level 16 in Armour
 22309 | Lair:4   | Received a gift from Okawaru
 22662 | Lair:4   | Found a staircase to the Slime Pits.
 22666 | Lair:4   | Found a viscous altar of Jiyva.
 22794 | Lair:4   | Reached XP level 14. HP: 127/130 MP: 5/14
 23175 | Lair:4   | Identified the +2 pair of boots "Xentem" {Int+3}
 23219 | Lair:5   | Entered Level 5 of the Lair of Beasts
 23285 | Lair:5   | Reached ****** piety under Okawaru
 23539 | Lair:5   | Reached skill level 17 in Armour
 25572 | D:13     | Identified the +0 plate armour "Fajomogg" {Fly rC- rN+++
                  | Int-4} (Okawaru gifted it to you on level 13 of the
                  | Dungeon)
 25572 | D:13     | Received a gift from Okawaru
 25752 | D:13     | Reached skill level 18 in Armour
 25755 | D:13     | Reached skill level 15 in Fighting
 26005 | D:13     | Reached XP level 15. HP: 75/141 MP: 6/15
 26558 | D:13     | Found a transporter.
 26559 | D:13     | Found a transporter.
 26726 | D:13     | Found a transporter.
 26728 | D:13     | Found a transporter.
 26815 | D:13     | Found a transporter.
 26824 | D:13     | Found a transporter.
 27640 | D:5      | Killed Zippel's ghost
 27646 | D:5      | Killed Azuvok's ghost
 27648 | D:5      | Killed lasso's ghost
 27651 | D:5      | Killed topfpfpflanze's ghost
 28013 | Lair:2   | Killed Duaji's ghost
 28029 | Lair:2   | Killed Weugil's ghost
 28049 | Lair:2   | Killed Imeid's ghost
 28190 | Lair:3   | Slain by a cane toad

Illustrated notes

Levels and vault maps discovered:
D:1:      ncdulo_wetmaze, layout_basic, minmay_tromino_v4_c
D:2:      layout_loops_corners, minivault_24, minmay_misc_feat_columns,
          hex_tiny, kennysheep_jessica_study
D:3:      layout_basic, chequers_serial_rivers_micro_e, reono_crystal_passage,
          minmay_strange_pillars, serial_bayou_lagoon_a, nrook_campfire
D:4:      layout_basic, minmay_temple_entry_statues
D:5:      lemuel_castle_with_subvaults [lemuel_castle_interior_original],
          layout_loops_ring, gammafunk_ghost_cemetery, kennysheep_small_circle
D:6:      layout_loops_ring, serial_shops, nicolae_shop_tiny_real_fake_doors,
          kennysheep_little_box, nicolae_shop_window_shopping,
          nicolae_shop_tiny_glass
D:7:      layout_rooms, minmay_shop_damaged
D:8:      minmay_razor_zed, layout_rooms
D:9:      layout_grid_maze, mainiacjoe_overflow_small_starburst, minivault_7
D:10:     layout_roguey, minmay_orc_entry_temple_small, uniq_grum, uniq_maurice,
          uniq_josephine
D:11:     layout_irregular_city, erik_lair_island
D:12:     layout_roguey
D:13:     minmay_the_grid_octo_tiled_octocenter [minmay_the_grid_octo_chip,
          minmay_the_grid_octo_horde, minmay_the_grid_octo_thin_diamonds,
          minmay_the_grid_octo_focus,
          minmay_the_grid_octo_prize_ultimate_mussel_roller,
          minmay_the_grid_square_5x5_seven, minmay_the_grid_square_5x5_mess,
          minmay_the_grid_square_5x5_half_checkered,
          minmay_the_grid_square_5x5_inset], layout_basic,
          serial_nicolae_subway, nicolae_sub_station_metal,
          nicolae_sub_station_crystal, nicolae_sub_station_stone
Temple:   minmay_crystal_snake_temple
Lair:1:   layout_chaotic_city, chequers_serial_rivers_large_a
Lair:2:   layout_small_grid, gammafunk_ghost_cemetery, beast_lair_carwin_10,
          uniq_urug, uniq_nergalle
Lair:3:   layout_cave_pods, swamp_mist_pool, guppyfry_snake_entry_island,
          gammafunk_ghost_berserking_beasts, serial_bayou_shore_b,
          infiniplex_staircase_pool_2
Lair:4:   layout_hall_layers, slime_entry_1, minmay_stone_trees_medium,
          minmay_shattered_shrine
Lair:5:   hangedman_lair_in_review, layout_cave_pods, lemuel_fruit_tree
Orc:1:    layout_caves, uniq_sonja

Skill      XL: |  1  2  3  4  5  6  7  8  9 10 11 12 13 14 |
---------------+-------------------------------------------+-----
Armour         | 4 5 6 7 8 10 11 12 14 16 18 | 18.4
Fighting       | 4 5 6 7 8 11 12 13 15 | 15.4
Shields        | 4 5 6 7 8 9 10 12 13 | 13.7
Long Blades    | 3 4 5 7 9 10 12 13 14 15 16 | 16.8
Dodging        | 1 2 3 4 5 |  5.6
Stealth        | 1 |  1.8
Evocations     | 1 |  1.4
Invocations    | 2 |  2.3

Action                     |  1- 3 |  4- 6 |  7- 9 | 10-12 | 13-15 || total
---------------------------+-------+-------+-------+-------+-------++-------
  Melee: Long sword        |    80 |   192 |   227 |       |       ||   499
         Headbutt          |    13 |    25 |    73 |   148 |   266 ||   525
         Falchion          |       |       |   153 |   644 |   894 ||  1691
 Invoke: Heroism           |       |       |     2 |     6 |    11 ||    19
  Evoke: Wand              |       |       |       |     5 |     6 ||    11
    Use: Scroll            |     2 |     5 |     1 |     5 |    19 ||    32
         Potion            |     1 |     1 |     1 |     2 |     2 ||     7
 Armour: Scale mail        |    25 |       |       |       |       ||    25
         Chain mail        |    10 |   114 |   160 |   241 |    52 ||   577
         Gold dragon scale |       |       |       |       |   484 ||   484
  Dodge: Dodged            |    42 |    80 |   139 |   270 |   258 ||   789
  Block: Buckler           |    12 |    37 |    88 |   162 |   269 ||   568
         Kite shield       |       |       |       |       |    61 ||    61
